 Dungeon Sprint DCSS version 0.21.1-1-g345015f (webtiles) character file.

12900000 joklet the Conqueror (level 27, -2/199 HPs)
             Began as a Gargoyle Monk on Mar 15, 2018.
             Was the Champion of Makhleb.
             Killed from afar by a dread (23 damage)
             ... with damnation
             ... in the Dungeon (Sprint VIII: "Arena of Blood").
             The game lasted 00:03:51 (129 turns).

joklet the Conqueror (Gargoyle Monk)                 Turns: 129, Time: 00:03:52

Health: -2/199     AC: 25    Str: 17    XL:     27
Magic:  44/54      EV: 35    Int: 13    God:    Makhleb [******]
Gold:   0          SH:  0    Dex: 21    Spells: 80/80 levels left

rFire    . . .     SeeInvis .   j - +∞ Axe of Woe
rCold    . . .     Gourm    .   (shield currently unavailable)
rNeg     + . .     Faith    .   b - +0 robe
rPois    ∞         Spirit   .   (no helmet)
rElec    +         Reflect  .   (no cloak)
rCorr    .         Harm     .   (no gloves)
MR       ++...     NoTele   +   (no boots)
Stlth    +++++++++.             (no amulet)
HPRegen  0.43/turn              (no ring)
MPRegen  0.34/turn              (no ring)

@: no status effects
A: big wings, negative energy resistance 1, electricity resistance, unbreathing,
petrification resistance, rot immunity, AC +20
a: Fly, Minor Destruction, Lesser Servant of Makhleb, Major Destruction, Greater
Servant of Makhleb, Renounce Religion


You were in the Dungeon.
You worshipped Makhleb.
Makhleb was exalted by your worship.
You were not hungry.

You visited 1 branch

Inventory:

Hand Weapons
 a - a +0 hand axe
 j - the +∞ Axe of Woe (weapon)
   (You found it in the Dungeon)
Armour
 b - a +0 robe (worn)
Scrolls
 i - a scroll of blinking
Potions
 d - a potion of curing
 e - a potion of heal wounds
 f - a potion of haste
 g - 2 potions of magic
 h - a potion of berserk rage
Comestibles
 c - a ration


   Skills:
 O Level 27 Fighting
 O Level 27 Axes
 O Level 27 Throwing
 O Level 27 Armour
 O Level 27 Dodging
 O Level 27 Stealth
 O Level 27 Unarmed Combat
 O Level 27 Spellcasting
 O Level 27 Invocations


You had 80 spell levels left.
You didn't know any spells.

Dungeon Overview and Level Annotations

Branches:
Dungeon (1/1)

Altars:
Makhleb


Innate Abilities, Weirdness & Mutations

You are resistant to torment.
Your stone body is resilient. (AC +20)
You are immune to poison.
Your large and strong wings let you fly indefinitely.
You resist negative energy. (rN+)
You are resistant to electric shocks. (rElec)
You can survive without breathing.
You are immune to petrification.
You are immune to rotting.


Message History

The fleshlord seems to speed up.
You hear a shout!
The accursed points at you and mumbles some strange words.
Something smites you!
* * * LOW HITPOINT WARNING * * *
You hear a shout!
A dread comes into view.
Unknown command.
You slash the dread! You chop the dread into pieces.
You destroy the dread!
Makhleb accepts your kill.
You hit the tentacled monstrosity but do no damage.
You hew the tentacled monstrosity savagely.
You kill the tentacled monstrosity!
You feel something staring at you. Something smites you!
* * * LOW HITPOINT WARNING * * *
The dread throws damnation at you.
The sphere of damnation explodes!
The damnation engulfs you!
You die...

....M. ......
.....X####.....##.##.
.X.X.#...............
.XXX.p#..........#.#.
.WLX.#.........%.......
###.L.#p..%...%........
##..XX..#M...%.%........
....X.)@))))%)..%.......
..#...)))2)))))........
...#...W)p))#p).....#
......#..%..#))%)...#
...#....DW###).)....###.
...........§)))###......
......%#....).%)_.......
..p.#.....%.#O)...#....
#..%.......#_.<._# V..


You could see 2 accurseds, 3 tentacled monstrosities, 2 tyrants, a reaper, an
eight-headed meat hydra, 5 fleshlords, 6 large abominations and 3 dreads.

Vanquished Creatures
  8 hell beasts (D)
  6 greater mummies (D)
  3 great orbs of eyes (D)
  2 wraiths (D)
  17 vampire knights (D)
  35 ogres (D)
  8 two-headed ogres (D)
  4 liches (D)
  5 hydras (D)
  96 orcs (D)
  7 phantoms (D)
  5 skeletal warriors (D)
  4 sea snakes (D)
  5 large abominations (D)
  12 small abominations (D)
  8 crawling corpses (D)
225 creatures vanquished.

Vanquished Creatures (others)
  A two-headed ogre (D)
  A small abomination (D)
  3 crawling corpses (D)
5 creatures vanquished.

Grand Total: 230 creatures vanquished

Notes
Turn   | Place    | Note
-------+----------+-------------------------------------------
     0 | D        | Found the +∞ Axe of Woe
     0 | D        | joklet the Gargoyle Monk began the quest for the Orb.
     0 | D        | Reached XP level 1. HP: 14/14 MP: 1/1
     3 | D        | Noticed a bag of meat
     4 | D        | Became a worshipper of Makhleb the Destroyer
     4 | D        | Reached * piety under Makhleb
     4 | D        | Reached ** piety under Makhleb
     5 | D        | Noticed a meat berserker
     6 | D        | Noticed a bag of meat
     6 | D        | Noticed a bag of meat
     7 | D        | Noticed a bag of meat
     7 | D        | Noticed a bag of meat
     7 | D        | Killed a bag of meat
     7 | D        | Reached skill level 15 in Axes
     7 | D        | Reached XP level 2. HP: 37/37 MP: 2/2
     7 | D        | Reached XP level 3. HP: 42/42 MP: 3/3
     7 | D        | Reached XP level 4. HP: 48/48 MP: 4/4
     7 | D        | Reached XP level 5. HP: 53/53 MP: 5/5
     7 | D        | Reached XP level 6. HP: 59/59 MP: 6/6
     7 | D        | Reached XP level 7. HP: 64/64 MP: 7/7
     7 | D        | Reached XP level 8. HP: 69/69 MP: 8/8
     7 | D        | Reached XP level 9. HP: 75/75 MP: 9/9
     7 | D        | Reached XP level 10. HP: 80/80 MP: 10/10
     7 | D        | Reached XP level 11. HP: 85/85 MP: 11/11
     7 | D        | Reached XP level 12. HP: 91/91 MP: 12/12
     8 | D        | Noticed a meat berserker
     8 | D        | Killed a meat berserker
     8 | D        | Reached XP level 13. HP: 104/104 MP: 13/13
     8 | D        | Gained mutation: Your large and strong wings let you fly indefinitely. [Gargoyle growth]
     8 | D        | Reached XP level 14. HP: 110/110 MP: 14/14
    11 | D        | Killed a bag of meat
    11 | D        | Reached skill level 10 in Stealth
    11 | D        | Killed a bag of meat
    11 | D        | Reached *** piety under Makhleb
    11 | D        | Reached XP level 15. HP: 120/120 MP: 15/15
    12 | D        | Killed a meat berserker
    12 | D        | Reached XP level 16. HP: 132/132 MP: 16/16
    13 | D        | Noticed a meat berserker
    14 | D        | Reached **** piety under Makhleb
    14 | D        | Reached skill level 27 in Fighting
    15 | D        | Killed a meat berserker
    15 | D        | Reached skill level 27 in Axes
    15 | D        | Reached XP level 17. HP: 139/139 MP: 17/17
    17 | D        | Noticed a meat berserker
    19 | D        | Reached skill level 27 in Dodging
    19 | D        | Reached XP level 18. HP: 145/145 MP: 18/18
    20 | D        | Noticed a large bag of meat
    20 | D        | Noticed a meat berserker
    20 | D        | Reached ***** piety under Makhleb
    21 | D        | Noticed a meat berserker
    23 | D        | Reached skill level 27 in Stealth
    23 | D        | Killed a meat berserker
    23 | D        | Reached skill level 10 in Throwing
    23 | D        | Reached skill level 10 in Spellcasting
    23 | D        | Reached XP level 19. HP: 151/151 MP: 18/33
    24 | D        | Reached skill level 15 in Armour
    24 | D        | Reached skill level 15 in Invocations
    24 | D        | Reached skill level 15 in Unarmed Combat
    25 | D        | Noticed a meat berserker
    25 | D        | Reached skill level 15 in Throwing
    25 | D        | Reached skill level 15 in Spellcasting
    25 | D        | Reached XP level 20. HP: 157/157 MP: 18/39
    25 | D        | Noticed a destroyer
    26 | D        | Killed a meat berserker
    26 | D        | Reached ****** piety under Makhleb
    27 | D        | Killed a meat berserker
    27 | D        | Reached XP level 21. HP: 163/163 MP: 18/45
    27 | D        | Noticed a destroyer
    29 | D        | Noticed a destroyer
    29 | D        | Noticed a meat berserker
    30 | D        | Killed a large bag of meat
    30 | D        | Killed a destroyer
    30 | D        | Reached XP level 22. HP: 126/169 MP: 19/49
    32 | D        | Reached skill level 27 in Armour
    32 | D        | Reached skill level 27 in Invocations
    32 | D        | Reached skill level 27 in Unarmed Combat
    32 | D        | Reached XP level 23. HP: 175/175 MP: 19/52
    33 | D        | Noticed a large bag of meat
    34 | D        | Reached skill level 27 in Throwing
    34 | D        | Reached skill level 27 in Spellcasting
    35 | D        | Noticed a destroyer
    35 | D        | Noticed a large bag of meat
    36 | D        | Killed a destroyer
    36 | D        | Reached XP level 24. HP: 181/181 MP: 20/54
    38 | D        | Noticed a destroyer
    38 | D        | Killed a destroyer
    39 | D        | Noticed a destroyer
    39 | D        | Noticed a destroyer
    39 | D        | Noticed a large bag of meat
    39 | D        | Reached XP level 25. HP: 187/187 MP: 21/54
    41 | D        | Noticed a large bag of meat
    42 | D        | Killed a large bag of meat
    43 | D        | Killed a destroyer
    44 | D        | Noticed a destroyer
    45 | D        | Reached XP level 26. HP: 193/193 MP: 23/54
    46 | D        | Killed a large bag of meat
    46 | D        | Killed a destroyer
    47 | D        | Noticed a destroyer
    47 | D        | Noticed a destroyer
    48 | D        | Noticed a large bag of meat
    49 | D        | Noticed an accursed
    49 | D        | Killed a large bag of meat
    49 | D        | Killed a destroyer
    49 | D        | Reached XP level 27. HP: 199/199 MP: 24/54
    50 | D        | Killed a large bag of meat
    50 | D        | Killed a destroyer
    51 | D        | Killed an accursed
    52 | D        | Noticed an accursed
    52 | D        | Noticed an accursed
    54 | D        | Noticed a tyrant
    54 | D        | Killed a large bag of meat
    55 | D        | Noticed a tyrant
    56 | D        | Noticed an accursed
    56 | D        | Killed a destroyer
    57 | D        | Killed an accursed
    58 | D        | Killed a destroyer
    59 | D        | Killed a tyrant
    60 | D        | Killed a destroyer
    62 | D        | Killed a tyrant
    62 | D        | Noticed a meat beast
    66 | D        | Noticed a meat beast
    67 | D        | Killed a meat beast
    68 | D        | Killed a meat beast
    70 | D        | Killed an accursed
    73 | D        | Noticed a large bag of meat
    74 | D        | Noticed a destroyer
    75 | D        | Noticed a meat beast
    76 | D        | Noticed a meat beast
    77 | D        | Noticed a large bag of meat
    78 | D        | Killed a meat beast
    80 | D        | Killed a meat beast
    81 | D        | Noticed an accursed
    82 | D        | Killed a large bag of meat
    83 | D        | Noticed a large bag of meat
    87 | D        | Killed an accursed
    88 | D        | Noticed a meat beast
    88 | D        | Noticed a destroyer
    88 | D        | Killed a large bag of meat
    89 | D        | Noticed a dread
    89 | D        | Noticed a meat beast
    90 | D        | Noticed a destroyer
    91 | D        | Noticed a meat beast
    91 | D        | Killed an accursed
    93 | D        | Killed a meat beast
    93 | D        | Killed a destroyer
    94 | D        | Killed a meat beast
    95 | D        | Killed a large bag of meat
    96 | D        | Killed a destroyer
    96 | D        | Killed a meat beast
    97 | D        | Noticed a destroyer
    97 | D        | Noticed a destroyer
    98 | D        | Noticed a tyrant
    99 | D        | Noticed an accursed
    99 | D        | Killed a destroyer
   100 | D        | Noticed a tyrant
   102 | D        | Killed a destroyer
   102 | D        | Killed a destroyer
   104 | D        | Noticed a destroyer
   105 | D        | Noticed an accursed
   105 | D        | Killed a dread
   106 | D        | Noticed a destroyer
   107 | D        | Noticed a meat beast
   108 | D        | Killed an accursed
   108 | D        | Killed a destroyer
   108 | D        | Killed a destroyer
   110 | D        | Killed a tyrant
   112 | D        | Killed a tyrant
   113 | D        | Noticed a dread
   113 | D        | Noticed a tyrant
   115 | D        | Killed a meat beast
   118 | D        | Noticed a tyrant
   123 | D        | Noticed a dread
   123 | D        | Noticed a dread
   124 | D        | Noticed an accursed
   125 | D        | Noticed a fleshlord
   126 | D        | Noticed a fleshlord
   127 | D        | Noticed a fleshlord
   127 | D        | Noticed a fleshlord
   128 | D        | Noticed a fleshlord
   129 | D        | Noticed a dread
   129 | D        | Killed a dread
   129 | D        | Killed from afar by a dread

Skill      XL: |  1  2  3  4  5  6  7  8  9 10 11 12 13 14 15 16 17 18 19 20 21 22 23 |
---------------+----------------------------------------------------------------------+-----
Fighting       | 17 21 23 26 27 | 27.0
Axes           | 15 19 21 24 27 | 27.0
Dodging        | 13 17 19 21 24 27 | 27.0
Stealth        | 7 9 10 12 14 18 27 | 27.0
Throwing       | 10 15 20 23 26 27 | 27.0
Armour         | 12 17 22 26 27 | 27.0
Unarmed Combat | 11 16 21 24 27 | 27.0
Spellcasting   | 10 15 20 23 25 27 | 27.0
Invocations    | 12 17 22 26 27 | 27.0

Action                   |  1- 3 |  4- 6 |  7- 9 | 10-12 | 13-15 | 16-18 | 19-21 | 22-24 | 25-27 || total
-------------------------+-------+-------+-------+-------+-------+-------+-------+-------+-------++-------
Melee: Executioner's axe |     1 |       |       |     1 |     2 |     6 |     6 |     8 |    79 ||   103
Armor: Robe              |       |       |       |       |       |       |       |       |    12 ||    12
Dodge: Dodged            |       |       |       |       |       |     2 |       |       |    23 ||    25
